AoeStats
← Reberner

Arabia

510134476Analyzed
1v1 RM · 3d ago on Sep 29, 2026· 42m 9s· 2 players
Game mode
Random Map
Map size
Tiny (2 player)
Population
200
Speed
Normal
Resources
Standard
Victory
Conquest
Starting age
Dark Age
Ending age
Imperial Age
RankedLock teamsTeams togetherTeam positionsShared explorationLock speedFull tech treeHidden civsTurbo modeCheats
Victory
Defeat
🇮🇳 Britons · India
1475
+15
🇭🇺 Danes · Hungary
1452
-15
Reberner
6:39 Loom
9:00 Feudal Age
9:20 Man-at-Arms
9:47 Double-Bit Axe
10:28 Arson
10:37 Town Watch
13:45 Fletching
22:06 Castle Age
20:34 Horse Collar
22:08 Gold Mining
22:10 Elite Skirmisher
23:03 Bodkin Arrow
23:34 Squires
24:24 Padded Archer Armor
25:30 Bow Saw
27:59 Leather Archer Armor
29:13 Wheelbarrow
32:03 Ballistics
Toruk Makto
5:53 Loom
8:38 Feudal Age
9:31 Double-Bit Axe
14:40 Fletching
22:58 Castle Age
21:14 Gold Mining
21:57 Horse Collar
23:00 Crossbowman
23:37 Bodkin Arrow
29:41 Wheelbarrow
28:52 Town Watch
29:32 Padded Archer Armor
30:02 Bow Saw
31:29 Hand Cart
31:42 Ballistics
38:51 Imperial Age
38:25 Heavy Plow
39:06 Gold Shaft Mining
39:31 Bracer
40:33 Chemistry
39:55 Conscription
39:47 Stone Mining
40:03 Elite Longbowman
Connection lost

Rejoining the realm…

Still unreachable

The connection could not be restored.

Session expired

The server has moved on; the page needs a fresh start.